 Dungeon Crawl Stone Soup version 0.24.0-13-gcf9b319 (webtiles) character file.

Game seed: 5882040229124315176, levelgen mode: deterministic

14707 Doobh the Fighter (level 11, -14/87 HPs)
             Began as a Demonspawn Gladiator on Jan 2, 2020.
             Demolished by an enormous slime creature (44 damage)
             ... on level 11 of the Dungeon.
             The game lasted 00:51:23 (14970 turns).

Doobh the Fighter (Demonspawn Gladiator)           Turns: 14970, Time: 00:51:25

Health: -14/87     AC: 16    Str: 20      XL:     11   Next: 92%
Magic:  14/14      EV: 12    Int: 12 (13) God:
Gold:   261        SH: 10    Dex: 13 (15) Spells: 9/10 levels left

rFire    + . .     SeeInvis +   y - +9 staff of Olgreb {rPois}
rCold    . . .     Gourm    +   K - +0 shield
rNeg     . . .     Faith    .   u - +1 ring mail {rF+}
rPois    ∞         Spirit   .   (helmet unavailable)
rElec    +         Reflect  .   (no cloak)
rCorr    .         Harm     .   (no gloves)
MR       .....                  n - +2 pair of boots of Ogruckex {Int+4 Stlth+}
Stlth    ++........             G - amulet of the gourmand
HPRegen  0.24/turn              O - ring of see invisible
MPRegen  0.14/turn              w - +3 ring of protection

@: about to teleport
A: horns 3, molten scales 1, electricity resistance, strong 1, rot immunity
a: no special abilities


You were on level 11 of the Dungeon.
You were very full.

You visited 2 branches of the dungeon, and saw 13 of its levels.
You also visited: Ice Cave.

You collected 861 gold pieces.
You spent 600 gold pieces at shops.

Inventory:

Hand Weapons
 b - a +2 bardiche of chopping
 j - a +4 dagger
 y - the +9 staff of Olgreb (weapon) {rPois}
   (You found it on level 5 of the Dungeon)

   It protects you from poison.
 A - a cursed -1 falchion
Missiles
 f - 10 poisoned darts (quivered)
Armour
 n - the +2 pair of boots of Ogruckex (worn) {Int+4 Stlth+}
   (You found it on level 10 of the Dungeon)

   It affects your intelligence (+4).
   It makes you more stealthy.
 u - a +1 ring mail of fire resistance (worn)
 K - a +0 shield (worn)
Jewellery
 s - an uncursed ring of resist corrosion
 w - a +3 ring of protection (right hand)
 F - an uncursed ring of resist corrosion
 G - an amulet of the gourmand (around neck)
 J - a +2 ring of strength
 M - a +2 ring of evasion
 O - a ring of see invisible (left hand)
 P - an uncursed ring of wizardry
Wands
 c - a wand of digging (2)
 z - a wand of acid (12)
 D - a wand of flame (9)
 E - a wand of polymorph (9)
 L - a wand of enslavement (8)
Scrolls
 a - 2 scrolls of identify
 g - a scroll of fear {unknown}
 h - a scroll of enchant weapon {unknown}
 i - 4 scrolls of magic mapping
 k - 3 scrolls of remove curse {unknown}
 l - 4 scrolls of teleportation
 p - 3 scrolls of amnesia
 v - 2 scrolls of fog {unknown}
 B - 2 scrolls of immolation {unknown}
 C - a scroll of random uselessness {unknown}
 I - a scroll of blinking {unknown}
 S - a scroll of noise {unknown}
Potions
 e - a potion of degeneration
 m - 6 potions of curing
 o - a potion of lignification {unknown}
 H - a potion of flight {unknown}
 N - a potion of mutation
 R - a potion of brilliance {unknown}
Comestibles
 d - 29 rations


   Skills:
 + Level 8.8 Fighting
 + Level 6.4 Staves
 + Level 8.0 Throwing
 + Level 7.5 Armour
 - Level 6.1 Dodging
 + Level 4.8 Shields
 - Level 5.0 Unarmed Combat
 * Level 2.2 Conjurations
 * Level 2.2 Poison Magic
 - Level 4.1 Evocations


You had 9 spell levels left.
You knew the following spells:

 Your Spells              Type           Power        Failure   Level  Hunger
a - Sting                 Conj/Pois      #...         63%         1    ##.....

Your spell library contained the following spells:

 Spells                   Type           Power        Failure   Level  Hunger
 Poisonous Vapours        Pois/Air       #.....       88%         2    ###....
 Mephitic Cloud           Conj/Pois/Air  #.......     97%         3    ####...
 Olgreb's Toxic Radiance  Pois           #.......     100%        4    #####..
 Venom Bolt               Conj/Pois      #.........   100%        5    ######.


Dungeon Overview and Level Annotations

Branches:
Dungeon (12/15)            Temple (1/1) D:7            Lair (0/6) D:10
    Orc (0/2) D:11          IceCv (visited)

Altars:
Ashenzari
Cheibriados
Dithmenos
Elyvilon
Fedhas
Gozag
Hepliaklqana
Kikubaaqudgha
Makhleb
Nemelex Xobeh
Okawaru
Qazlal
Ru
Sif Muna
Trog
Uskayaw
Vehumet
Wu Jian
Xom
Yredelemnul
Zin
The Shining One

Portals:
Trove: D:11 (give +4 shadow dragon scales)

Annotations:
D:8 3 runed translucent doors, exclusion: 3 doors, Vulpanium's ghost, novice TeCK


Innate Abilities, Weirdness & Mutations

You have a pair of large horns on your head.
You are partially covered in molten scales. (AC +2)
You are immune to rotting.
You are resistant to electric shocks. (rElec)
Your muscles are strong. (Str +2)


Message History

The slime creature hits you! The slime creature barely misses you.
The enormous slime creature closely misses you.
You hit the slime creature.
The slime creature is severely wounded.
You block the slime creature's attack. The slime creature hits you!
* * * LOW HITPOINT WARNING * * *
The enormous slime creature closely misses you.
You feel much better. You block the slime creature's attack.
The slime creature hits you but does no damage.
The enormous slime creature closely misses you.
As you read the scroll of teleportation, it crumbles to dust.
You feel strangely unstable. The slime creature hits you! x2
You block the enormous slime creature's attack.
You sock the slime creature!
The slime creature is poisoned.
The slime creature is severely wounded.
The slime creature hits you.
The slime creature hits you but does no damage.
The enormous slime creature hits you!!!
Ouch! That really hurt!
You die...

#....##.#.#.#
#.##..#.#.#..
#.####...##..
###.# ###...[.
#...# #.###. #.###
### ## #.# ####
####'##########...
#@J........(.#....
#JJ....[..........
#............##...
#..........^.##...
#............##...
###############...
####


You could see an enormous slime creature and 2 slime creatures.

Vanquished Creatures
  3 unseen horrors (D:11)
  An ugly thing (D:11)
  A wolf spider (D:12)
  A deep elf mage (D:7)
  A cyclops (D:9)
  2 ice statues (IceCv)
  A gargoyle (D:9)
  2 rime drakes (IceCv)
  Prince Ribbit (D:7)
  5 hippogriffs
  2 wraiths
  Sigmund (D:5)
  9 yaks
  A hungry ghost (D:11)
  3 water moccasins
  4 orc warriors
  15 ice beasts
  3 sky beasts
  A black bear (D:9)
  2 necrophages
  4 phantoms
  8 ogres
  3 centaurs
  3 big kobolds
  7 bullfrogs
  A gnoll sergeant (D:8)
  4 scorpions
  5 killer bees
  3 wights (D:6)
  8 crimson imps
  2 bullfrog zombies (D:6)
  2 centaur skeletons
  A quasit (D:6)
  5 orc priests
  A bullfrog skeleton (D:5)
  5 hounds
  3 jellies
  9 orc wizards
  3 iguanas
  8 worker ants
  5 ogre zombies (D:11)
  12 gnolls
  2 howler monkey skeletons
  A worker ant zombie (D:7)
  11 adders
  2 oozes
  An adder skeleton (D:4)
  A worm (D:2)
  A dart slug (D:3)
  6 leopard geckos
  21 orcs
  9 bats
  3 giant cockroaches
  6 goblins
  6 hobgoblins
  12 jackals
  4 quokkas
  4 frilled lizards
  3 goblin zombies (D:11)
  A hobgoblin skeleton (D:11)
  2 hobgoblin zombies (D:11)
  17 kobolds
  3 orc skeletons (D:11)
  9 orc zombies (D:11)
  6 rats
292 creatures vanquished.

Vanquished Creatures (others)
  4 plants (D:8)
4 creatures vanquished.

Grand Total: 296 creatures vanquished

Notes
Turn   | Place    | Note
-------+----------+-------------------------------------------
     0 | D:1      | Doobh the Demonspawn Gladiator began the quest for the Orb.
     0 | D:1      | Reached XP level 1. HP: 16/16 MP: 1/1
   248 | D:1      | Gained mutation: You have a pair of small horns on your
                  | head. [demonic ancestry]
   248 | D:1      | Reached XP level 2. HP: 12/22 MP: 2/2
   547 | D:1      | Gained mutation: You are immune to rotting. [demonic
                  | ancestry]
   547 | D:1      | Reached XP level 3. HP: 15/28 MP: 3/3
   986 | D:2      | Found an ancient bone altar of Kikubaaqudgha.
  1337 | D:2      | Found a hazy altar of Hepliaklqana.
  1345 | D:2      | Found a basalt altar of Yredelemnul.
  1384 | D:2      | Reached XP level 4. HP: 29/34 MP: 4/4
  1706 | D:3      | Found a shimmering altar of Xom.
  1706 | D:3      | Noticed an angel
  1719 | D:3      | Found a glowing silver altar of Zin.
  2692 | D:3      | Gained mutation: You have a pair of horns on your head.
                  | [demonic ancestry]
  2692 | D:3      | Reached XP level 5. HP: 38/41 MP: 5/5
  3706 | D:4      | Noticed an ogre
  3717 | D:4      | Killed an ogre
  3717 | D:4      | Reached XP level 6. HP: 29/47 MP: 6/6
  4278 | D:4      | Found a shattered altar of Ashenzari.
  4487 | D:4      | Reached XP level 7. HP: 52/54 MP: 7/7
  4815 | D:5      | Entered Level 5 of the Dungeon
  5497 | D:5      | Found the +9 staff of Olgreb {rPois}
  5544 | D:5      | Reached skill level 5 in Fighting
  5544 | D:5      | Reached skill level 1 in Armour
  5544 | D:5      | Reached skill level 5 in Dodging
  5544 | D:5      | Reached skill level 5 in Unarmed Combat
  5544 | D:5      | Gained mutation: You are partially covered in molten
                  | scales. (AC +2) [demonic ancestry]
  5544 | D:5      | Reached XP level 8. HP: 62/62 MP: 8/8
  5705 | D:5      | Noticed Sigmund
  5733 | D:5      | Killed Sigmund
  5733 | D:5      | Reached skill level 1 in Staves
  5845 | D:5      | Found an ornate altar of the Wu Jian Council.
  6044 | D:5      | Reached skill level 5 in Throwing
  6410 | D:6      | Gained mutation: You have a pair of large horns on your
                  | head. [demonic ancestry]
  6410 | D:6      | Reached XP level 9. HP: 64/69 MP: 9/9
  7075 | D:7      | Found a staircase to the Ecumenical Temple.
  7175 | Temple   | Entered the Ecumenical Temple
  7277 | D:7      | Noticed Prince Ribbit
  7291 | D:7      | Killed Prince Ribbit
  7455 | D:7      | Reached skill level 5 in Armour
  7777 | D:7      | Noticed a deep elf mage
  7787 | D:7      | Killed a deep elf mage
  7787 | D:7      | Reached skill level 1 in Evocations
  8286 | D:8      | Found a radiant altar of Vehumet.
  8336 | D:8      | Found an iron altar of Okawaru.
  8343 | D:8      | Reached XP level 10. HP: 77/77 MP: 12/12
  8461 | D:8      | Found a shadowy altar of Dithmenos.
  8463 | D:8      | Found a bloodstained altar of Trog.
  8837 | D:8      | Reached skill level 1 in Shields
  8909 | D:8      | Found a runed translucent gate.
  8909 | D:8      | Found a runed translucent gate.
  8909 | D:8      | Noticed Vulpanium's ghost (novice TeCK)
  8909 | D:8      | Noticed a ten-headed hydra
  8913 | D:8      | Found a runed translucent gate.
  9366 | D:9      | Found a bloodstained altar of Trog.
  9607 | D:9      | Noticed a cyclops
  9636 | D:9      | Killed a cyclops
 10193 | D:9      | Reached skill level 5 in Staves
 10899 | D:10     | Entered Level 10 of the Dungeon
 10906 | D:10     | Noticed a gargoyle
 11171 | D:9      | HP: 3/80 [gargoyle/stone arrow (3)]
 11184 | D:9      | Killed a gargoyle
 11184 | D:9      | Reached XP level 11. HP: 36/86 MP: 14/14
 11451 | D:10     | Got a pair of pitted boots
 11454 | D:10     | Identified the +2 pair of boots of Ogruckex {Int+4 Stlth+}
                  | (You found it on level 10 of the Dungeon)
 11490 | D:10     | Found a staircase to the Lair.
 11491 | D:10     | You fall into a shaft and drop 2 floors!
 11524 | D:11     | Found a staircase to the Orcish Mines.
 11596 | D:11     | Noticed an unseen horror
 11613 | D:11     | Killed an unseen horror
 11614 | D:11     | Found a frozen archway.
 11614 | D:11     | Noticed an unseen horror
 11623 | IceCv    | Entered an ice cave
 13634 | IceCv    | Noticed an ice dragon
 13636 | IceCv    | Gained mutation: Your muscles are strong. (Str +2) [potion
                  | of mutation]
 13636 | IceCv    | Gained mutation: You are clumsy. (Dex -2) [potion of
                  | mutation]
 13636 | IceCv    | Lost mutation: You are clumsy. (Dex -2) [potion of
                  | mutation]
 13636 | IceCv    | Gained mutation: You are resistant to electric shocks.
                  | (rElec) [potion of mutation]
 13639 | IceCv    | Noticed an ice dragon
 13985 | D:11     | Killed an unseen horror
 13994 | D:11     | Noticed an unseen horror
 14001 | D:11     | Killed an unseen horror
 14004 | D:11     | Learned a level 1 spell: Sting
 14014 | D:11     | Noticed a white ugly thing
 14027 | D:11     | Killed a white ugly thing
 14056 | D:11     | Reached skill level 1 in Conjurations
 14056 | D:11     | Reached skill level 1 in Poison Magic
 14543 | D:11     | Found a portal to a secret trove of treasure.
 14735 | D:12     | Found Yfi Taecw's Food Shop.
 14739 | D:12     | Bought a ration for 60 gold pieces
 14739 | D:12     | Bought a ration for 60 gold pieces
 14739 | D:12     | Bought a ration for 60 gold pieces
 14739 | D:12     | Bought a ration for 60 gold pieces
 14739 | D:12     | Bought a ration for 60 gold pieces
 14739 | D:12     | Bought a ration for 60 gold pieces
 14739 | D:12     | Bought a ration for 60 gold pieces
 14739 | D:12     | Bought a ration for 60 gold pieces
 14739 | D:12     | Bought a ration for 60 gold pieces
 14739 | D:12     | Bought a ration for 60 gold pieces
 14739 | D:12     | Noticed a wolf spider
 14751 | D:12     | Killed a wolf spider
 14970 | D:11     | Demolished by an enormous slime creature

Levels and vault maps discovered:
D:1:      eino_arrival_tree_alley, layout_basic, minmay_octomino_j4
D:2:      layout_rooms, old_standard_altar, grunt_temple_overflow_open,
          first_ration
D:3:      layout_basic, grunt_temple_overflow_order_and_chaos_1
D:4:      cheibrodos_thug_alley, layout_basic, cheibrodos_ashenzari_chains
D:5:      layout_loops_ring, lemuel_coloured_pillars_altar, uniq_sigmund
D:6:      layout_gridville, minmay_joined_circles
D:7:      layout_layer_cave, minmay_temple_entry_glassed_door,
          guppyfry_early_elven_hall, uniq_prince_ribbit1
D:8:      cheibrodos_quashed, layout_basic, okawaru_gym_becter, minitemple,
          gammafunk_ghost_hydra_chop, grunt_ogre_cave, minivault_11
D:9:      lemuel_ogre_cave, layout_long_grid, basic_altar
D:10:     layout_gridville, lair_entry_dummy, gammafunk_ghost_cemetery,
          fungi_pond_lemuel
D:11:     layout_roguey, zombieorc1_lemuel, portal_ice_cave_entry_pillars_1,
          nicolae_trove_entry_columns
D:12:     evilmike_diamond_2, layout_loops_ring, serial_shops, shop_statue
Temple:   nicolae_temple_hex_pool

Skill      XL: |  1  2  3  4  5  6  7  8  9 10 11 |
---------------+----------------------------------+-----
Throwing       | 2 3 4 5 6 7 8 |  8.0
Dodging        | 3 4 5 6 |  6.1
Unarmed Combat | 3 4 5 |  5.0
Fighting       | 3 4 5 6 7 8 |  8.8
Armour         | 1 3 5 6 7 |  7.5
Staves         | 2 3 5 6 |  6.4
Evocations     | 2 4 |  4.1
Shields        | 3 4 |  4.8
Conjurations   | 2 |  2.2
Poison Magic   | 2 |  2.2

Action                   |  1- 3 |  4- 6 |  7- 9 | 10-12 || total
-------------------------+-------+-------+-------+-------++-------
Melee: Unarmed           |   150 |   216 |   153 |       ||   519
       Headbutt          |    14 |    36 |    68 |   154 ||   272
       Punch             |     1 |     2 |    10 |       ||    13
       Staff             |       |       |   241 |   610 ||   851
Throw: Throwing net      |       |    10 |     3 |     4 ||    17
       Dart              |       |       |    49 |    16 ||    65
Evoke: Staff of Olgreb   |       |       |     1 |       ||     1
  Use: Scroll            |       |     3 |     1 |     7 ||    11
       Potion            |       |     8 |       |    10 ||    18
 Stab: Sleeping          |     2 |     1 |       |     3 ||     6
       Distracted        |       |       |       |     1 ||     1
  Eat: Chunk             |     1 |     7 |    13 |    33 ||    54
       Ration            |       |     1 |       |     1 ||     2
Armor: Leather armour    |    30 |     3 |       |       ||    33
       Chain mail        |       |    58 |       |       ||    58
       Ring mail         |       |    53 |   154 |   244 ||   451
Dodge: Dodged            |   110 |   102 |   268 |   282 ||   762
Block: Shield            |       |       |     4 |   262 ||   266
